 Dungeon Crawl Stone Soup version 0.32-a0-900-g30fb1b0edc (webtiles) character file.

Game seed: 8596583672834233264

212 olmar the Cudgeller (level 5, -7/40 (47) HPs)
             Began as a Mountain Dwarf Monk on Apr 5, 2024.
             Mangled by a wight
             ... wielding a +3 flail
              (13 damage)
             ... on level 4 of the Dungeon.
             The game lasted 00:04:51 (2859 turns).

olmar the Cudgeller (Mountain Dwarf Monk)           Turns: 2859, Time: 00:04:52

HP:   -7/40 (47)    AC:  7    Str: 15    XL:     5   Next: 58%
MP:   5/5           EV: 10    Int: 11    God:
Gold: 232           SH:  0    Dex: 14    Spells: 4/4 levels left

rFire   . . .        a - +0 mace
rCold   . . .        d - orb {light}
rNeg    . . .        w - +0 ring mail of Esaj {Dex+2 Stlth+}
rPois   .            (no helmet)
rElec   .            (no cloak)
rCorr   .            (no gloves)
SInv    .            s - +1 pair of boots
Will    +....        (no amulet)
Stlth   +            u - ring of willpower
HPRegen 0.26/turn    (no ring)
MPRegen 0.09/turn

%: no passive effects
@: brilliant, glowing, heavily drained
A: runic magic, artefact enchanting
a: no special abilities


You were on level 4 of the Dungeon.
You visited 1 branch of the dungeon, and saw 4 of its levels.

You collected 232 gold pieces.

Inventory:

Hand Weapons
 a - a +0 mace (weapon)
 j - a +0 dagger of electrocution
 t - a +0 heavy war axe
Missiles
 f - 4 javelins
 m - 8 poisoned darts
 o - 4 atropa-tipped darts
Armour
 b - a +0 robe
 d - an orb of light (worn)
 q - a +0 chain mail
 s - a +1 pair of boots (worn)
 w - the +0 ring mail of Esaj (worn) {Dex+2 Stlth+}
   (You found it on level 3 of the Dungeon)

   Dex+2:     It affects your dexterity (+2).
   Stlth+:    It makes you more stealthy.
Jewellery
 e - a ring of fire
 u - a ring of willpower (left hand)
Wands
 r - a wand of flame (26) (quivered)
 v - a wand of polymorph (9)
Scrolls
 h - a scroll of noise {unknown}
 k - 2 scrolls of identify {unknown}
 l - a scroll of blinking {unknown}
 n - a scroll of revelation {unknown}
Potions
 p - a potion of cancellation {unknown}


   Skills:
 + Level 4.5 Fighting
 + Level 5.8 Maces & Flails
 + Level 2.1 Armour
 - Level 2.6 Dodging


You had 4 spell levels left.
You didn't know any spells.
Your spell library contained the following spells:

 Spells                   Type           Power      Damage    Failure   Level
 Apportation              Tloc           0%         N/A       38%         1
 Magic Dart               Conj           0%         1d3       38%         1
 Jinxbite                 Hex            0%         N/A       52%         2
 Searing Ray              Conj           0%         2d4       52%         2
 Inner Flame              Hex/Fire       0%         N/A       77%         3
 Animate Dead             Necr           0%         N/A       99%         4
 Flame Wave               Conj/Fire      0%         2d4       99%         4
 Fulminant Prism          Conj/Alch      0%         3d5       99%         4
 Sticky Flame             Fire/Alch      0%         2d4       99%         4
 Alistair's Intoxication  Alch           0%         N/A       100%        5
 Borgnjor's Vile Clutch   Necr/Erth      0%         N/A       100%        5
 Yara's Violent Unravell  Hex/Alch       0%         3d3       100%        5
 Death Channel            Necr           0%         N/A       100%        6
 Enfeeble                 Hex            0%         N/A       100%        7


Dungeon Overview and Level Annotations

Branches:
Dungeon (4/15)             Temple (0/1) D:4

Altars:
Trog


Innate Abilities, Weirdness & Mutations

Your spellcasting is much less encumbered by armour.
You can use scrolls of enchantment on lesser artefacts.


Message History

Unknown command.
Aiming: Throw Flame
Press: ? - help, Q - select action, (/) - cycle Shift-Dir - straight line, f/p - wight
Aim: a wight, wielding a +3 flail and wearing a +0 robe (moderately damaged, haloed, 79% to hit)
Okay, then.
Aiming: Throw Flame
Press: ? - help, Q - select action, (/) - cycle Shift-Dir - straight line, f/p - wight
Aim: a wight, wielding a +3 flail and wearing a +0 robe (moderately damaged, haloed, 79% to hit)
The puff of flame hits the wight.
The wight is heavily damaged.
The wight hits you with a +3 flail.
You feel drained.
Unknown command.
Aiming: Throw Flame
Press: ? - help, Q - select action, (/) - cycle Shift-Dir - straight line, f/p - wight
Aim: a wight, wielding a +3 flail and wearing a +0 robe (heavily damaged, haloed, 79% to hit)
The puff of flame hits the wight but does no damage.
The wight is heavily damaged.
The wight misses you.
Unknown command.
Aiming: Throw Flame
Press: ? - help, Q - select action, (/) - cycle Shift-Dir - straight line, f/p - wight
Aim: a wight, wielding a +3 flail and wearing a +0 robe (heavily damaged, haloed, 79% to hit)
The puff of flame hits the wight but does no damage.
The wight is heavily damaged.
Unknown command.
Aiming: Throw Flame
Press: ? - help, Q - select action, (/) - cycle Shift-Dir - straight line, f/p - wight
Aim: a wight, wielding a +3 flail and wearing a +0 robe (heavily damaged, haloed, 79% to hit)
Okay, then.
It was a potion of curing.
You feel better. The wight barely misses you.
The wight hits you with a +0 great sword!
* * * LOW HITPOINT WARNING * * *
You feel drained.
* * * LOW HITPOINT WARNING * * *
Unknown command.
Unknown command.
It was a potion of brilliance.
You feel clever all of a sudden. The wight hits you with a +3 flail!
You die...

###### #....# #....# #....#
##################....####
#...........#..#......#..##
+...........#..#......#...#
#...........#z@#......#...#
#.......)..)##z#......##'#####
#....#########..............#..#
#... #..............#..#. #..
#..............'..#. #(
..'..............####. #
...#...............†...
...#................... ##
#...................


You could see 2 wights.

Vanquished Creatures
  A wight (D:4)
  A sleepcap (D:4)
  Ijyb (D:3)
  An adder (D:3)
  4 dart slugs
  7 bats
  3 endoplasms (D:3)
  3 giant cockroaches
  12 goblins
  8 hobgoblins
  11 jackals
  7 quokkas
  4 ball pythons
  3 frilled lizards
  7 kobolds
  7 rats
80 creatures vanquished.

Notes
Turn   | Place    | Note
-------+----------+-------------------------------------------
     0 | D:1      | olmar the Mountain Dwarf Monk began the quest for the Orb.
     0 | D:1      | Reached XP level 1. HP: 19/19 MP: 1/1
   101 | D:1      | Reached XP level 2. HP: 26/26 MP: 2/2
   113 | D:1      | Reached skill level 4 in Maces & Flails
   447 | D:1      | Reached XP level 3. HP: 25/33 MP: 3/3
  1783 | D:3      | Found a bloodstained altar of Trog.
  1834 | D:3      | Reached XP level 4. HP: 40/40 MP: 4/4
  1939 | D:3      | Reached skill level 5 in Maces & Flails
  2484 | D:3      | Noticed Ijyb
  2511 | D:3      | Killed Ijyb
  2512 | D:3      | Reached skill level 1 in Armour
  2561 | D:3      | Identified the +0 ring mail of Esaj {Dex+2 Stlth+}
  2634 | D:4      | Found a staircase to the Ecumenical Temple.
  2655 | D:4      | Reached XP level 5. HP: 19/47 MP: 5/5
  2859 | D:4      | Mangled by a wight

Illustrated notes

Levels and vault maps discovered:
D:1:      reono_arrival_forest_river, layout_loops_corners
D:2:      layout_basic
D:3:      kennysheep_goblin_castle, layout_basic, bloody_trog
D:4:      layout_gridville, minmay_temple_entry_ruins, serial_shops,
          nicolae_square_shop, shop, gammafunk_ghost_mausoleum, uniq_eustachio

Skill      XL: |  1  2  3  4  5 |
---------------+----------------+-----
Maces & Flails | 4 5 |  5.8
Fighting       | 4 |  4.5
Armour         | 1 2 |  2.1
Dodging        | |  2.6

Action                     |  1- 3 |  4- 6 || total
---------------------------+-------+-------++-------
  Melee: Mace              |   134 |   101 ||   235
  Throw: Javelin           |       |     7 ||     7
         Dart              |       |     2 ||     2
  Evoke: Wand              |       |     5 ||     5
    Use: Potion            |       |     3 ||     3
 Armour: Robe              |    81 |       ||    81
         Chain mail        |     5 |    60 ||    65
         Skin              |       |    32 ||    32
         Ring mail         |       |    29 ||    29
  Dodge: Dodged            |    87 |    47 ||   134

Table legend: (Time is in decaauts)
 A = Elapsed time spent in this place.
 B = Non-inter-level travel time spent in this place.
 C = Inter-level travel time spent in this place.
 D = Time resting spent in this place.
 E = Time spent auto-exploring this place.
 F = Levels seen in this place.
 G = Mean time per level.
                   A        B        C        D        E       F      G
               +--------+--------+--------+--------+--------+-----+--------+
         Total |   2912 |   2779 |    133 |    121 |   2041 |   4 |  728.0 |
       Dungeon |   2912 |   2779 |    133 |    121 |   2041 |   4 |  728.0 |
               +--------+--------+--------+--------+--------+-----+--------+

Top non-repeatable levels by time:
     D:1: 1113 daAuts
     D:3: 930 daAuts
     D:2: 626 daAuts
     D:4: 242 daAuts
